Map: Ciudad Esmeralda EE

Players

MrFercho

  • Race: Zerg Zerg
  • League: Gold
  • Spawn Location: 11:00

TATORREA

  • Race: Protoss Protoss
  • League: Gold
  • Spawn Location: 11:00

luchoxp - Winner!

  • Race: Zerg Zerg
  • League: Platinum
  • Spawn Location: 5:00

Daniel - Winner!

  • Race: Zerg Zerg
  • Spawn Location: 5:00

VOD

Have the link to the VOD?

Description

Time

  • Played on: July 28, 2020, 8:15 p.m.
  • Length: 11:38
Show
View Real Time Build Order
Export as new Build Order

MrFercho Zerg 

Build Orders: Hatch First 

Get SALT Encoding   

  12  0:00  Drone  
  13  0:15  Overlord  
  13  0:17  Drone  
  14  0:34  Drone x2  
  16  0:53  Drone  
  16  0:56  Hatchery, Drone  
  17  1:02  Drone  
  18  1:11  Extractor  
  17  1:17  Spawning Pool  
  16  1:28  Drone  
  16  1:29  Drone  
  18  1:33  Drone  
  19  1:45  Drone  
  20  2:06  Zergling x4  
  22  2:19  Zergling x4, Spine Crawler  
  22  2:21  Queen x2  
  27  2:29  Spine Crawler  
  26  2:30  Zergling x4  
  28  2:46  Metabolic Boost  
  28  3:05  Lair  
  28  3:27  Overlord x2  
  28  3:28  Overlord  
  28  3:45  Queen  
  30  4:00  Drone x7  
  37  4:15  Drone  
  38  4:22  Roach Warren  
  37  4:26  Drone x2  
  37  4:27  Evolution Chamber  
  37  4:28  Drone  
  37  4:29  Drone x3  
  42  4:32  Extractor  
  42  4:35  Extractor  
  40  4:38  Overlord  
  40  4:39  Overlord  
  40  5:02  Drone  
  40  5:03  Drone x2  
  40  5:04  Drone x2  
  40  5:05  Drone  
  40  5:06  Drone  
  50  5:07  Drone x3  
  50  5:16  Glial Reconstitution, Zerg Missile Weapons Level 1  
  50  5:20  Overlord  
  50  5:21  Overlord  
  50  5:24  Queen  
  52  5:41  Roach x6  
  64  5:43  Roach  
  66  6:07  Spore Crawler  
  66  6:08  Spore Crawler  
  66  6:09  Drone x3  
  67  6:11  Spore Crawler  
  67  6:16  Hydralisk Den  
  65  6:20  Drone x4  
  67  6:42  Ravager x7  
  67  6:44  Hatchery  
  73  7:05  Grooved Spines  
  73  7:08  Extractor  
  72  7:31  Spore Crawler  
  72  7:35  Spore Crawler  
  70  7:37  Spore Crawler  
  69  7:52  Drone x5  
  69  7:53  Drone  
  75  8:00  Overlord x3  
  75  8:03  Hydralisk x3  
  75  8:04  Hydralisk x2  
  83  8:16  Muscular Augments  
  83  8:18  Spore Crawler  
  83  8:19  Zerg Missile Weapons Level 2  
  82  8:26  Drone  
  83  8:47  Lurker Den  
  83  8:48  Hatchery  
  81  8:53  Infestation Pit  
  80  9:00  Drone  
  81  9:21  Drone  
  81  9:22  Drone x17  
  78  9:42  Hydralisk x3  
  70  9:55  Hydralisk x7  
  75  10:11  Hydralisk x5  
  71  10:19  Hydralisk x5  
  71  10:20  Hydralisk  
  79  10:32  Hydralisk  
  79  10:33  Hydralisk x3  
  75  10:48  Hydralisk  
  75  10:49  Hydralisk x6  
Show
View Real Time Build Order
Export as new Build Order

TATORREA Protoss 

Build Orders:  

Get SALT Encoding   

  13  0:07  Probe  
  13  0:19  Probe (Chrono Boost)  
  14  0:27  Pylon  
  14  0:31  Probe (Chrono Boost)  
  15  0:44  Probe  
  15  0:47  Gateway  
  16  0:59  Probe (Chrono Boost)  
  16  1:03  Assimilator  
  17  1:06  Pylon  
  18  1:11  Probe (Chrono Boost)  
  18  1:18  Probe (Chrono Boost)  
  19  1:25  Probe  
  20  1:38  Cybernetics Core  
  19  1:48  Gateway  
  19  1:50  Gateway  
  19  1:55  Assimilator  
  19  2:02  Zealot (Chrono Boost)  
  21  2:14  Warp Gate  
  21  2:21  Adept (Chrono Boost)  
  23  2:58  Probe  
  24  3:06  Adept  
  24  3:10  Probe  
  27  3:22  Probe  
  28  3:30  Pylon  
  28  3:45  Twilight Council  
  28  4:01  Twilight Council  
  28  4:14  Nexus  
  28  4:17  Pylon  
  28  4:20  Probe  
  29  4:30  Adept  
  29  4:31  Adept  
  33  4:35  Adept  
  35  4:40  Probe  
  36  4:52  Probe  
  37  5:09  Resonating Glaives (Chrono Boost)  
  37  5:11  Adept x2  
  37  5:12  Adept  
  43  5:23  Robotics Facility, Probe  
  44  5:35  Probe  
  45  5:38  Probe  
  46  5:47  Probe  
  47  5:50  Probe  
  48  5:59  Probe  
  39  6:17  Stalker x2  
  39  6:18  Stalker  
  45  6:26  Forge  
  45  6:31  Pylon, Probe x2  
  47  6:42  Stalker x3  
  47  6:43  Probe x2  
  47  6:46  Pylon  
  55  6:55  Probe x2  
  55  7:09  Photon Cannon  
  55  7:13  Photon Cannon  
  55  7:20  Stalker x2  
  57  7:28  Photon Cannon  
  57  7:30  Photon Cannon  
  57  7:31  Blink (Chrono Boost)  
  57  7:34  Protoss Ground Weapons Level 1  
  57  7:46  Stalker x3  
  63  8:12  Stalker x2  
  67  8:13  Stalker  
  67  8:14  Probe  
  67  8:15  Probe  
  71  8:26  Probe  
  71  8:27  Probe  
  73  8:35  Photon Cannon  
  73  8:36  Photon Cannon  
  73  8:38  Shield Battery  
  73  8:39  Shield Battery  
  73  8:43  Zealot  
  73  8:44  Zealot  
  77  8:55  Pylon  
  77  8:59  Pylon  
  77  9:03  Assimilator  
  77  9:04  Probe  
  77  9:07  Assimilator  
  77  9:08  Charge  
  78  9:13  Probe  
  78  9:16  Robotics Bay  
  75  9:38  Stalker x3  
  40  10:03  Stalker x3  
  42  10:29  Stalker  
  42  10:30  Stalker  
  40  11:06  Pylon  
  40  11:09  Photon Cannon  
  40  11:11  Photon Cannon  
  40  11:12  Probe x2  
  40  11:13  Photon Cannon  
  40  11:14  Zealot  
  40  11:15  Zealot  
  46  11:24  Probe  
Show
View Real Time Build Order
Export as new Build Order

luchoxp Zerg - Winner!

Build Orders: Hatch First 

Get SALT Encoding   

  12  0:02  Drone  
  13  0:12  Overlord  
  13  0:25  Drone  
  14  0:48  Drone  
  15  0:52  Extractor, Hatchery  
  13  1:09  Spawning Pool  
  12  1:11  Drone  
  13  1:30  Drone x3  
  16  1:56  Zergling x4  
  16  1:58  Queen  
  20  2:06  Zergling x2  
  20  2:07  Drone  
  22  2:16  Lair  
  22  2:20  Zergling x2  
  22  2:21  Drone  
  24  2:47  Extractor  
  23  2:55  Overlord x2  
  23  2:56  Drone x4  
  27  3:15  Overlord  
  27  3:16  Pneumatized Carapace  
  27  3:20  Queen  
  27  3:26  Hydralisk Den  
  28  3:38  Spine Crawler  
  28  3:40  Zergling x2  
  29  3:41  Zergling x2  
  29  3:42  Drone x2  
  31  3:50  Spine Crawler  
  30  4:07  Hydralisk x2  
  34  4:14  Extractor  
  33  4:17  Drone x3  
  33  4:18  Drone  
  37  4:34  Hydralisk x2  
  41  4:39  Extractor, Drone x2  
  41  4:40  Drone  
  41  4:44  Drone  
  44  4:52  Overlord  
  44  4:53  Drone  
  45  5:11  Hydralisk x2  
  45  5:12  Hydralisk  
  51  5:17  Drone  
  51  5:18  Drone x2  
  53  5:25  Evolution Chamber  
  52  5:29  Spine Crawler  
  52  5:30  Drone  
  52  5:31  Drone  
  53  5:46  Overlord, Evolution Chamber  
  53  5:47  Drone x2  
  53  5:48  Drone  
  55  6:04  Muscular Augments  
  55  6:15  Zerg Ground Armor Level 1  
  55  6:16  Zerg Missile Weapons Level 1  
  55  6:17  Drone  
  55  6:18  Overlord, Drone x4  
  60  6:38  Overlord, Drone  
  61  6:42  Hatchery  
  61  6:46  Hydralisk  
  61  6:47  Hydralisk  
  64  6:56  Spore Crawler  
  64  6:59  Drone, Spore Crawler  
  64  7:00  Drone  
  64  7:11  Extractor  
  63  7:17  Hydralisk x4  
  63  7:22  Metabolic Boost  
  71  7:24  Drone x2  
  73  7:33  Overseer  
  73  7:37  Overlord  
  73  7:47  Drone x7  
  80  7:57  Nydus Network  
  79  8:04  Queen  
  79  8:05  Queen  
  83  8:17  Zerg Missile Weapons Level 2  
  83  8:18  Hydralisk  
  83  8:19  Hydralisk x2  
  89  8:21  Drone  
  89  8:22  Drone  
  91  8:35  Overseer x2  
  91  8:44  Hydralisk x3  
  91  8:46  Overlord  
  91  8:47  Overlord  
  97  9:02  Overlord x2  
  97  9:18  Zerg Ground Armor Level 2  
  92  9:39  Hydralisk x6  
  92  9:42  Overlord x3  
  84  10:02  Hydralisk x5  
  90  10:16  Infestation Pit  
  87  10:29  Overlord x3  
  87  10:39  Nydus Canal  
  87  10:41  Queen x3  
  93  10:45  Drone x4  
  93  10:46  Drone x5  
  102  10:57  Hatchery  
  101  11:05  Hydralisk x2  
  101  11:06  Hydralisk  
Show
View Real Time Build Order
Export as new Build Order

Daniel Zerg - Winner!

Build Orders: Pool First 

Get SALT Encoding   

  12  0:01  Drone  
  13  0:08  Drone  
  14  0:27  Spawning Pool  
  13  0:33  Overlord  
  13  0:39  Drone  
  14  0:44  Extractor  
  14  0:46  Drone  
  14  0:54  Drone  
  15  1:12  Drone  
  15  1:14  Zergling x2  
  17  1:23  Zergling x2  
  18  1:33  Queen  
  18  1:34  Zergling x2  
  21  1:57  Hatchery  
  21  2:01  Drone x2  
  22  2:03  Overlord  
  20  2:48  Drone x2  
  20  2:49  Lair  
  23  2:51  Drone  
  23  3:03  Drone  
  24  3:07  Extractor  
  23  3:31  Drone x3  
  23  3:32  Drone x4  
  23  3:33  Queen  
  32  3:59  Spire  
  32  4:00  Drone x2  
  32  4:02  Drone  
  34  4:04  Drone  
  34  4:05  Drone  
  34  4:06  Overlord  
  34  4:07  Overlord x2  
  36  4:40  Drone x3  
  36  4:42  Extractor x2  
  36  4:43  Drone x2  
  36  4:44  Drone x2  
  40  5:20  Mutalisk x2  
  40  5:21  Mutalisk x5  
  44  5:27  Overseer  
  54  5:31  Drone x2  
  54  5:32  Drone  
  54  5:33  Drone x2  
  59  5:52  Overlord  
  59  5:53  Overlord  
  58  6:14  Mutalisk x3  
  58  6:15  Mutalisk x2  
  68  6:38  Drone  
  68  6:39  Drone  
  71  6:40  Drone  
  71  7:04  Zerg Flyer Weapons Level 1  
  71  7:19  Mutalisk  
  71  7:20  Mutalisk  
  75  7:23  Zergling x2  
  75  7:24  Overlord x5  
  76  7:45  Zergling x2  
  76  7:46  Zergling x12  
  76  7:47  Zergling x2  
  78  8:12  Mutalisk x5  
  76  8:13  Mutalisk  
  86  8:33  Zergling x8  
  86  8:34  Zergling x8  
  92  8:35  Metabolic Boost  
  92  8:39  Infestation Pit  
  92  8:40  Hatchery  
  92  8:53  Hatchery  
  91  9:01  Zerg Flyer Weapons Level 2  
  91  9:09  Overlord x2  
  91  9:10  Mutalisk x5  
  91  9:11  Mutalisk  
  91  9:14  Mutalisk  
  86  10:27  Mutalisk x8  
  100  10:29  Zergling x6  
  100  10:30  Zergling x12  
  105  11:09  Drone x6  
  105  11:10  Drone x6  
Tags
 
Add a new tag
Caveats
  • Supply blocks, unpowered buildings, or Contaminate may cause inaccurate times.
  • Supply counts are checked every 10 seconds.